 Dungeon Crawl Stone Soup version 0.28.0-53-g5a82cb258f (webtiles) character file.

Game seed: 4789575055365121562

7226 cbfl8 the Cleaver (level 10, -6/93 HPs)
             Began as a Minotaur Berserker on July 15, 2022.
             Was an Elder of Trog.
             Mangled by a killer bee (10 damage)
             ... on level 10 of the Dungeon.
             The game lasted 00:20:22 (13467 turns).

cbfl8 the Cleaver (Minotaur Berserker)             Turns: 13467, Time: 00:20:23

Health: -6/93      AC: 17    Str: 22    XL:     10   Next: 88%
Magic:  9/9        EV:  9    Int:  4    God:    Trog [****..]
Gold:   590        SH:  0    Dex: 14    Spells: 9/9 levels left

rFire   + . .      SeeInvis .   B - +2 hand axe (elec)
rCold   x . .      Faith    .   (no shield)
rNeg    + . .      Spirit   .   G - +3 plate armour {Will+}
rPois   .          Reflect  .   (helmet restricted)
rElec   .          Harm     .   F - scarf {shadows}
rCorr   .          Rampage  .   (no gloves)
Will    +....                   (no boots)
Stlth   ..........              (no amulet)
HPRegen 0.25/turn               A - ring of fire
MPRegen 0.11/turn               C - ring of positive energy

@: lethally poisoned (-6 -> -30), on berserk cooldown, slowed, very slow
A: horns 2, retaliatory headbutt
a: Renounce Religion, Berserk, Trog's Hand, Brothers in Arms


You were on level 10 of the Dungeon.
You worshipped Trog.
Trog was greatly pleased with you.
You visited 1 branch of the dungeon, and saw 10 of its levels.
You also visited: Sewer and Bailey.

You collected 590 gold pieces.

Inventory:

Hand Weapons
 a - a +0 hand axe
 B - a +2 hand axe of electrocution (weapon)
 N - a +5 mace of freezing
 O - a +0 battleaxe
Armour
 b - a +0 animal skin
 d - a +0 plate armour
 f - a +0 ring mail
 s - a +0 crystal plate armour
 D - a +0 cloak
 E - a +0 chain mail
 F - a scarf of shadows (worn)
 G - a +3 plate armour of willpower (worn)
 H - a +3 scale mail of poison resistance
 I - a +0 ring mail of cold resistance
Jewellery
 A - a ring of fire (left hand)
 C - a ring of positive energy (right hand)
 J - a ring of poison resistance
 M - a ring of protection from cold
Wands
 p - a wand of flame (23)
Scrolls
 h - a scroll of amnesia
 i - 7 scrolls of teleportation
 k - 4 scrolls of summoning
 l - 2 scrolls of fear
 n - 2 scrolls of vulnerability
 r - 2 scrolls of fog
 u - 6 scrolls of noise
 y - 4 scrolls of enchant armour
 z - 2 scrolls of torment
 K - a scroll of blinking {unknown}
 L - a scroll of immolation {unknown}
 P - a scroll of magic mapping
Potions
 c - 3 potions of heal wounds
 e - a potion of resistance {unknown}
 g - 2 potions of magic {unknown}
 j - a potion of flight {unknown}
 m - a potion of might {unknown}
 o - 6 potions of brilliance {unknown}
 q - 4 potions of curing
 t - a potion of ambrosia
 v - 22 potions of degeneration
 w - 2 potions of berserk rage {unknown}
 x - 2 potions of lignification {unknown}


   Skills:
 * Level 10.2 Fighting
 + Level 11.3 Axes
 - Level 10.0 Armour
 + Level 5.1 Dodging
 + Level 2.0 Stealth
 * Level 6.2 Evocations


You had 9 spell levels left.
You didn't know any spells.
Your spell library was empty.

Dungeon Overview and Level Annotations

Branches:
Dungeon (10/15)            Temple (0/1) D:6            Lair (0/6) D:8
  Sewer (visited)          Bailey (visited)
    Orc: D:9-12

Altars:
Ashenzari
Dithmenos
Kikubaaqudgha
Makhleb
Nemelex Xobeh
Ru
Wu Jian
Xom
Yredelemnul
Zin

Shops:
D:2 [


Innate Abilities, Weirdness & Mutations

You have a pair of horns on your head.
You reflexively headbutt those who attack you in melee.


Message History

The killer bee poisons you!
Unknown command.
You hit the killer bee.
The killer bee is lightly wounded.
You feel very sick. The killer bee stings you.
* * * LOW HITPOINT WARNING * * *
The killer bee stings you but does no damage.
Unknown command.
You slash the killer bee!
The killer bee is heavily wounded.
You feel very sick.
The killer bee stings you but does no damage.
You miss the killer bee.
The killer bee is heavily wounded.
You feel very sick. The killer bee barely misses you.
The killer bee stings you.
* * * LOW HITPOINT WARNING * * *
You hit the killer bee. Your headbutt misses the killer bee.
The killer bee is severely wounded.
* * * LOW HITPOINT WARNING * * *
You feel very sick.
The killer bee stings you but does no damage.
You hit the killer bee. Your headbutt misses the killer bee.
The killer bee is almost dead.
* * * LOW HITPOINT WARNING * * *
You feel sick. The killer bee stings you.
* * * LOW HITPOINT WARNING * * *
You are more poisoned.
The killer bee poisons you!
The killer bee stings you but does no damage.
You miss the killer bee. Your headbutt misses the killer bee.
The killer bee is almost dead.
You are no longer berserk.
You are exhausted.
You feel yourself slow down.
* * * LOW HITPOINT WARNING * * *
You feel very sick. The killer bee stings you!
You die...

.. ##.####### #+####
#........# ..†.†!
#........# ## ..!!.†
#........# .+
..†.yy####........# .#
...yyyy@##........##.#
†..yyy#..........<...#
!..yyy####........####
.!...y #........#
..†..y #........#
###### ##########


You could see 11 killer bees.

Vanquished Creatures
  An orc knight (Bailey)
  A deep elf zephyrmancer (Bailey)
  The ghost of DemonSlayer the Magician, a novice DsFE of Cheibriados (D:6)
  A queen bee (D:10)
  Sigmund (D:4)
  3 wyverns
  Grum (D:9)
  2 steam dragons
  7 orc warriors
  3 ice beasts
  3 black bears (D:6)
  3 necrophages (D:6)
  4 wolves (D:9)
  3 centaurs
  2 ogres
  2 kobold brigands (D:9)
  A scorpion (D:6)
  A wyvern skeleton (D:6)
  19 killer bees
  16 wights
  A howler monkey (D:5)
  2 centaur zombies (D:8)
  4 hounds
  An orc priest (D:9)
  3 jellies
  A gnoll shaman (D:9)
  An iguana (D:6)
  5 orc wizards
  A killer bee zombie (D:6)
  A howler monkey zombie (D:9)
  5 gnolls
  A river rat (Sewer)
  9 adders
  2 shadow imps (D:7)
  A white imp (D:5)
  3 ufetubi
  An adder skeleton (D:4)
  3 worms
  4 dart slugs
  22 orcs
  11 ball pythons
  4 bats
  3 endoplasms
  5 giant cockroaches
  7 goblins
  7 hobgoblins
  2 jackals (D:2)
  4 quokkas
  6 frilled lizards
  31 kobolds
  20 rats
  A bush (D:5)
247 creatures vanquished.

Vanquished Creatures (others)
  A killer bee (D:7)
  22 plants
23 creatures vanquished.

Grand Total: 270 creatures vanquished

Notes
Turn   | Place    | Note
-------+----------+-------------------------------------------
     0 | D:1      | cbfl8 the Minotaur Berserker began the quest for the Orb.
     0 | D:1      | Reached XP level 1. HP: 19/19 MP: 0/0
   260 | D:1      | Reached XP level 2. HP: 27/27 MP: 1/1
   302 | D:1      | Reached skill level 4 in Axes
   540 | D:1      | Reached XP level 3. HP: 34/34 MP: 2/2
   958 | D:2      | Found Picye's Armour Emporium.
  1182 | D:2      | Found a faded altar of an unknown god.
  1256 | D:2      | Reached ** piety under Trog
  1820 | D:2      | Reached XP level 4. HP: 28/41 MP: 3/3
  2263 | D:3      | Found a basalt altar of Yredelemnul.
  2263 | D:3      | Found a shadowy altar of Dithmenos.
  2271 | D:3      | Found an ornate altar of the Wu Jian Council.
  2273 | D:3      | Found a burning altar of Makhleb.
  2275 | D:3      | Found an ancient bone altar of Kikubaaqudgha.
  3088 | D:4      | Noticed Sigmund
  3193 | D:4      | Reached skill level 5 in Axes
  3297 | D:4      | Killed Sigmund
  3298 | D:4      | Reached skill level 5 in Fighting
  3298 | D:4      | Reached XP level 5. HP: 48/48 MP: 4/4
  3368 | D:4      | Reached XP level 6. HP: 47/56 MP: 5/5
  3493 | D:4      | Found a glowing drain.
  3497 | Sewer    | Entered a sewer
  3773 | Sewer    | Reached skill level 6 in Axes
  4410 | D:4      | Found a glowing silver altar of Zin.
  4828 | D:5      | Entered Level 5 of the Dungeon
  4861 | D:5      | Reached skill level 5 in Armour
  4936 | D:5      | Reached XP level 7. HP: 60/61 MP: 6/6
  5932 | D:6      | Found a sparkling altar of Nemelex Xobeh.
  5953 | D:6      | Reached skill level 7 in Axes
  5954 | D:6      | Reached skill level 1 in Stealth
  6184 | D:6      | Reached skill level 1 in Evocations
  6184 | D:6      | Reached XP level 8. HP: 65/71 MP: 7/7
  6610 | D:6      | Reached *** piety under Trog
  6698 | D:6      | Reached skill level 8 in Axes
  6731 | D:6      | Found a staircase to the Ecumenical Temple.
  6737 | D:6      | Found a runed translucent door.
  6737 | D:6      | Noticed DemonSlayer's ghost (novice DsFE)
  7110 | D:6      | Killed DemonSlayer's ghost
  7231 | D:7      | Reached XP level 9. HP: 39/79 MP: 8/8
  7327 | D:7      | Found a flagged portal.
  7364 | Bailey   | Entered a bailey
  7847 | Bailey   | Reached skill level 5 in Dodging
  8105 | Bailey   | Found a large runed translucent door.
  8105 | Bailey   | Found a large runed translucent door.
  8119 | Bailey   | Noticed a deep elf zephyrmancer
  8139 | Bailey   | Noticed an orc knight
  8163 | Bailey   | Killed an orc knight
  8164 | Bailey   | Reached skill level 9 in Axes
  8463 | Bailey   | Killed a deep elf zephyrmancer
  9779 | D:8      | Reached XP level 10. HP: 83/91 MP: 9/9
 10074 | D:8      | Reached skill level 5 in Evocations
 10654 | D:8      | Reached skill level 10 in Axes
 10685 | D:8      | Found a staircase to the Lair.
 10690 | D:8      | Found a shimmering altar of Xom.
 10836 | D:8      | Found a sacrificial altar of Ru.
 11394 | D:9      | Reached skill level 10 in Armour
 11535 | D:9      | Reached **** piety under Trog
 11847 | D:9      | Found a broken altar of Ashenzari.
 12328 | D:9      | Noticed Grum
 12344 | D:9      | Killed Grum
 13127 | D:9      | Reached skill level 11 in Axes
 13411 | D:10     | Entered Level 10 of the Dungeon
 13453 | D:10     | Reached skill level 10 in Fighting
 13467 | D:10     | HP: 4/93 [poisoned by a killer bee]
 13467 | D:10     | Mangled by a killer bee

Illustrated notes

Levels and vault maps discovered:
D:1:      dpeg_arrival_rhombi, layout_basic, chequers_big_river,
          lemuel_another_geyser
D:2:      layout_basic, serial_shops, shop, basic_ecumenical_altar
D:3:      layout_loops_corners, chequers_temple_overflow_minitemple,
          supply_closet_lemuel
D:4:      layout_cave_pods, mainiacjoe_overflow_cross_hatched,
          gup_sewer_entry_spiral, grunt_decor_mini_mirrors, minmay_puff,
          uniq_sigmund
D:5:      layout_rooms, kb_lookout_dungeons_type, minmay_misc_feat_secret_circle
D:6:      layout_basic, nemelex_xobeh_ov_fountains_minmay,
          gammafunk_ghost_grave, minmay_misc_feat_hallway
D:7:      layout_loops_ring, enter_bailey_7, chequers_serial_rivers_micro_c
D:8:      layout_basic, marbit_many_paths, mainiacjoe_overflow_boulevard,
          lair_entry_dummy, st_stairs_2, disabler_island
D:9:      kennysheep_kobold_camp, layout_basic, nicolae_ashenzari_panopticon,
          kennysheep_small_square, uniq_grum
D:10:     layout_roguey [special_room_bee], mainiacjoe_overflow_divided_tiny,
          uniq_fannar, uniq_psyche, uniq_urug

Skill      XL: |  1  2  3  4  5  6  7  8  9 10 |
---------------+-------------------------------+-----
Fighting       | 4 5 6 7 9 10 | 10.2
Axes           | 4 5 6 7 8 9 11 | 11.3
Armour         | 4 5 6 7 9 10 | 10.0
Dodging        | 3 4 5 |  5.1
Stealth        | 1 2 |  2.0
Evocations     | 1 3 4 6 |  6.2

Action                   |  1- 3 |  4- 6 |  7- 9 | 10-12 || total
-------------------------+-------+-------+-------+-------++-------
Melee: Hand axe          |    80 |   163 |   178 |   246 ||   667
       Headbutt          |    11 |    31 |    35 |    42 ||   119
       Punch             |       |     2 |     2 |     2 ||     6
Invok: Berserk           |       |     1 |     7 |     3 ||    11
       Trog's Hand       |       |     1 |     5 |       ||     6
  Use: Scroll            |       |     4 |     7 |     2 ||    13
       Potion            |       |       |     1 |       ||     1
Armor: Animal skin       |    10 |       |       |       ||    10
       Ring mail         |     5 |    51 |    34 |       ||    90
       Chain mail        |       |       |    17 |       ||    17
       Plate armour      |       |       |    23 |   118 ||   141
       Crystal plate arm |       |       |     5 |       ||     5
Dodge: Dodged            |    41 |    88 |   108 |    95 ||   332
